[Event "Team 45 45 League T60"]
[Site "Internet Chess Club"]
[Date "2014.03.25"]
[Round "4"]
[White "justice02"]
[Black "AngryDad"]
[Result "0-1"]
[WhiteElo "1777"]
[BlackElo "1676"]
[Opening "English: Caro-Kann defensive system"]
[ECO "A11"]
[Time "17:00:11"]
[TimeControl "2700+45"]

1. c4 c6 2. Nf3 d5 3. Qc2 Nf6 4. g3 Bg4 5. Bg2 Nbd7 6. d3 e5 7. Nbd2 Bd6 8. O-O
O-O 9. b3 Re8 10. h3 Bh5 11. Bb2 e4 12. Nd4 e3 13. N2f3 exf2+ 14. Kh2 Bg6 15.
Nh4 Ng4+ 16. Kh1 Ne3 17. Qd2 Nxf1 18. Rxf1 Bxg3 19. Nxg6 hxg6 20. cxd5 cxd5 21.
Bxd5 Qh4 22. Bg2 Bf4 23. Qb4 Qg3 24. Nf3 Re3 25. Qxb7 Rxf3 26. Qxa8+ Kh7 27.
Qxf3 {White resigns} 0-1

[Event "Team 45 45 League T60"]
[Site "Internet Chess Club"]
[Date "2014.03.23"]
[Round "4"]
[White "badmove"]
[Black "MBAStudent"]
[Result "1/2-1/2"]
[WhiteElo "1537"]
[BlackElo "1750"]
[Opening "French: King's Indian attack"]
[ECO "C00"]
[Time "17:10:42"]
[TimeControl "2700+45"]

1. e4 e6 2. d3 d5 3. Nd2 Nf6 4. g3 Be7 5. Bg2 c6 6. e5 Nfd7 7. f4 g6 8. Ngf3 Qb6
9. c3 c5 10. c4 d4 11. O-O Nc6 12. a3 Qc7 13. Ne4 a5 14. Nfg5 h6 15. Nf3 b6 16.
h3 Bb7 17. Bd2 O-O 18. h4 a4 19. h5 Kh7 20. hxg6+ fxg6 21. Bh3 Nd8 22. b4 cxb4
23. axb4 Bxe4 24. dxe4 Qxc4 25. Rxa4 Nc6 26. Rxa8 Rxa8 27. f5 exf5 28. exf5
Ndxe5 29. Nxe5 Nxe5 30. fxg6+ Nxg6 31. Qe1 Rf8 32. Bf5 Bf6 33. Bxg6+ Kxg6 34.
Qe4+ Kg7 35. Qg4+ Kh7 36. Qf5+ Kg8 37. Qg6+ Bg7 38. Rxf8+ Kxf8 39. Qxb6 Qd3 40.
Qd6+ {Game drawn by mutual agreement} 1/2-1/2

[Event "Team 45 45 League T60"]
[Site "Internet Chess Club"]
[Date "2014.03.20"]
[Round "4"]
[White "fishhead"]
[Black "Schachteufel"]
[Result "1/2-1/2"]
[WhiteElo "1811"]
[BlackElo "1631"]
[Opening "Ruy Lopez: Marshall, main line, 14...Qh3"]
[ECO "C89"]
[Time "13:00:47"]
[TimeControl "2700+45"]

1. e4 e5 2. Nf3 Nc6 3. Bb5 a6 4. Ba4 Nf6 5. O-O Be7 6. Re1 b5 7. Bb3 O-O 8. c3
d5 9. exd5 Nxd5 10. Nxe5 Nxe5 11. Rxe5 c6 12. d4 Bd6 13. Re1 Qh4 14. g3 Qh3 15.
Qd3 Bg4 16. Be3 Bf3 17. Qf1 Qh5 18. Nd2 Bg4 19. Bd1 f5 20. f4 g5 21. Bxg4 Qxg4
22. Qf3 gxf4 23. Qxg4+ fxg4 24. gxf4 Bxf4 25. Bxf4 Nxf4 26. Ne4 Nd3 27. Re2 Rf4
28. Ng3 Raf8 {Game drawn by mutual agreement} 1/2-1/2

[Event "Team 45 45 League T60"]
[Site "Internet Chess Club"]
[Date "2014.03.24"]
[Round "4"]
[White "mugurelt"]
[Black "chessjav"]
[Result "0-1"]
[WhiteElo "1692"]
[BlackElo "1912"]
[Opening "QGD: 4.Bg5 Be7"]
[ECO "D53"]
[Time "15:00:54"]
[TimeControl "2700+45"]

1. c4 e6 2. Nc3 d5 3. d4 Nf6 4. Bg5 Be7 5. g3 b6 6. Bg2 Bb7 7. cxd5 exd5 8. Qa4+
Qd7 9. Nf3 Qxa4 10. Nxa4 Nbd7 11. O-O O-O 12. Nc3 c6 13. Ne5 Rae8 14. e4 Nxe5
15. dxe5 Nxe4 16. Bxe7 Rxe7 17. f4 Nxc3 18. bxc3 Rfe8 19. Rad1 f6 20. c4 dxc4
21. Rd6 fxe5 22. Bxc6 Bxc6 23. Rxc6 exf4 24. Rxc4 fxg3 25. hxg3 Rd8 26. Rcf4 Re3
27. Kh2 Rd2+ 28. Kh3 h6 29. a4 Rdd3 30. Rg4 g5 31. Rc4 Rxg3+ 32. Kh2 Rh3+ 33.
Kg2 Rhe3 34. Rc8+ Kg7 35. Rc7+ Kg6 36. Rc6+ Kh5 37. Rh1+ Kg4 38. Rc4+ Kf5 39.
Rxh6 Rd2+ 40. Kf1 Ra3 41. Ke1 Rg2 42. Kf1 Rb2 43. Rc1 Rxa4 44. Rh8 a5 45. Kg1 b5
46. Rf8+ Kg4 47. Kh1 Rf4 48. Rg1+ Kf3 49. Rf1+ Rf2 50. Rxf4+ gxf4 51. Ra1 a4 52.
Ra3+ Ke4 53. Kg1 Rb2 {White resigns} 0-1

[Event "Team 45 45 League T60"]
[Site "Internet Chess Club"]
[Date "2014.03.23"]
[Round "4"]
[White "timothysmall56"]
[Black "RD1974"]
[Result "1-0"]
[WhiteElo "1720"]
[BlackElo "1629"]
[Opening "French: Winawer, advance variation"]
[ECO "C16"]
[Time "19:00:49"]
[TimeControl "2700+45"]

1. e4 e6 2. d4 d5 3. Nc3 Bb4 4. e5 b6 5. a3 Bxc3+ 6. bxc3 c5 7. Qg4 Kf8 8. Nf3
h5 9. Qg5 Qxg5 10. Bxg5 Ba6 11. dxc5 Bxf1 12. Rxf1 bxc5 13. Rb1 Nc6 14. Kd2 f6
15. exf6 gxf6 16. Be3 c4 17. Rb7 Nge7 18. Bc5 Kf7 19. Nd4 Ke8 20. Nxe6 Rb8 21.
Rxb8+ Nxb8 22. Bxa7 Kf7 23. Re1 Nbc6 24. Bc5 Ne5 25. Nf4 h4 26. Bxe7 Kxe7 27.
Ng6+ {Black resigns} 1-0

[Event "Team 45 45 League T60"]
[Site "Internet Chess Club"]
[Date "2014.03.22"]
[Round "4"]
[White "noblitz-oblige"]
[Black "meduzo"]
[Result "0-1"]
[WhiteElo "1593"]
[BlackElo "1520"]
[Opening "Sicilian: Canal-Sokolsky attack, Sokolsky variation"]
[ECO "B52"]
[Time "03:01:50"]
[TimeControl "2700+45"]

1. e4 c5 2. Nf3 d6 3. Bb5+ Bd7 4. Bxd7+ Qxd7 5. c4 Nf6 6. Nc3 e6 7. O-O Be7 8.
d4 cxd4 9. Nxd4 O-O 10. Bg5 Nc6 11. Ndb5 a6 12. Bxf6 axb5 13. Bxe7 Nxe7 14. Nxb5
d5 15. Nc3 d4 16. e5 Ng6 17. f4 d3 18. Nb5 f6 19. exf6 Rxf6 20. g3 e5 21. fxe5
Rxf1+ 22. Qxf1 Nxe5 23. Qf4 Qe7 24. Qe4 Qc5+ 25. Kh1 Nxc4 26. Nc3 Rd8 27. b3 Ne3
28. Qe6+ Kh8 29. Nd1 Nxd1 30. Rxd1 Qc2 31. Qe1 d2 32. Qe2 Qxa2 33. Kg2 Qc2 34.
Qe7 Qd3 35. Kf2 h6 36. Qe3 Rf8+ {White resigns} 0-1

[Event "Team 45 45 League T60"]
[Site "Internet Chess Club"]
[Date "2014.03.22"]
[Round "4"]
[White "kutch"]
[Black "TimeCo"]
[Result "1-0"]
[WhiteElo "1483"]
[BlackElo "1392"]
[Opening "Nimzo-Indian: classical, 4...c5"]
[ECO "E38"]
[Time "09:02:33"]
[TimeControl "2700+45"]

1. d4 Nf6 2. c4 e6 3. Nc3 Bb4 4. Qc2 c5 5. dxc5 Bxc5 6. Bg5 h6 7. Bh4 b6 8. Nf3
Nc6 9. e3 Bb7 10. Be2 Be7 11. a3 Rc8 12. O-O O-O 13. Rad1 d5 14. Rd2 Qe8 15.
cxd5 Nxd5 16. Nxd5 exd5 17. Bxe7 Nxe7 18. Qb3 Rc5 19. Rc2 Qd7 20. Rfc1 Rfc8 21.
Ne5 Qf5 22. Rxc5 Rxc5 23. Rxc5 bxc5 24. Qxb7 Qxe5 25. Bd3 Ng6 26. Qa8+ Kh7 27.
Qxa7 c4 28. Bxg6+ Kxg6 29. Qd4 Kf6 30. f4 Qxd4 31. exd4 Kf5 32. a4 Ke4 33. a5
Kxd4 34. a6 Ke3 35. a7 d4 36. a8=Q d3 37. Qf3+ Kd2 38. Kf1 Kc2 39. Qf2+ Kb3 40.
Ke1 c3 41. bxc3 Kxc3 42. Qd2+ Kd4 43. Kf2 f5 44. Kf3 h5 45. Qb4+ Kd5 46. Ke3
{Black resigns} 1-0

[Event "Team 45 45 League T60"]
[Site "Internet Chess Club"]
[Date "2014.03.21"]
[Round "4"]
[White "nidusin2"]
[Black "wildkingdumb"]
[Result "0-1"]
[WhiteElo "1666"]
[BlackElo "1826"]
[Opening "King's Indian: fianchetto without c4"]
[ECO "A49"]
[Time "20:04:04"]
[TimeControl "2700+45"]

1. d4 Nf6 2. Nf3 g6 3. g3 d5 4. Bg2 Bg7 5. e3 c5 6. O-O cxd4 7. exd4 O-O 8. Re1
Nc6 9. Nbd2 Re8 10. Nb3 b6 11. Bf4 Bf5 12. c3 Qd7 13. Nc1 Nh5 14. Bg5 f6 15. Be3
e5 16. dxe5 fxe5 17. Qd2 Rad8 18. Nb3 Nf6 19. Bg5 Ne4 20. Rxe4 Bxe4 21. Bxd8
Rxd8 22. Rd1 h6 23. Qe2 Qf7 24. Nbd2 Bf5 25. Nh4 Be6 26. Qd3 e4 27. Qb5 Rc8 28.
Bf1 g5 29. Ng2 Ne5 30. Ne3 Rf8 31. Qe2 Nd3 32. f3 Nxb2 33. Rb1 exf3 34. Nxf3
Qxf3 35. Rxb2 Bxc3 36. Qxf3 Rxf3 37. Re2 Bd4 {White resigns} 0-1

[Event "Team 45 45 League T60"]
[Site "Internet Chess Club"]
[Date "2014.03.24"]
[Round "4"]
[White "calsal"]
[Black "Insan996"]
[Result "1-0"]
[WhiteElo "1765"]
[BlackElo "1627"]
[Opening "Caro-Kann: Tartakower (fantasy) variation"]
[ECO "B12"]
[Time "22:04:57"]
[TimeControl "2700+45"]

1. e4 c6 2. d4 d5 3. f3 e6 4. Be3 Nd7 5. Nd2 c5 6. c3 cxd4 7. cxd4 Ne7 8. Bd3
Nc6 9. Rc1 Qb6 10. Nb3 Bb4+ 11. Kf2 O-O 12. Ne2 Be7 13. Rf1 Nf6 14. e5 Ne8 15.
Qc2 Nb4 16. Bxh7+ Kh8 17. Qb1 Nxa2 18. Qxa2 Kxh7 19. Qb1+ Kg8 20. Nd2 Bd7 21.
Ng3 Bb5 22. Rfd1 Ba4 23. Rh1 Bb4 24. Ndf1 Bb5 25. h4 Qa6 26. Rd1 Rc8 27. h5 Rc4
28. Ne2 Qc6 29. Nf4 Rc2+ 30. Kg1 Ba4 31. Rc1 Rxc1 32. Bxc1 Bc2 33. Qa1 a6 34.
Ne3 Bh7 35. h6 g6 36. Kf2 Nc7 37. Ng4 Qc2+ 38. Kg3 Nb5 39. Be3 Qb3 40. Rc1 Qxe3
41. Nxe3 Nxd4 42. Rd1 Bc5 43. Ng4 Nf5+ 44. Kh2 Ne3 45. Nf6+ Kh8 46. Nd7 Nxd1 47.
Nxf8 Bxf8 48. Qxd1 Bxh6 49. Ne2 g5 50. Qd4 Bg7 51. Nc3 Bc2 52. Ne2 b5 53. Ng3
Bb3 54. Qc3 Bd1 55. Qc7 Kg8 56. Qc8+ Kh7 57. Qc7 Kg8 58. Nh5 Bh8 59. Qd8+ Kh7
60. Nf6+ Kg7 61. Qg8+ {Black resigns} 1-0

[Event "Team 45 45 League T60"]
[Site "Internet Chess Club"]
[Date "2014.03.24"]
[Round "4"]
[White "Ajolote"]
[Black "alexine"]
[Result "1-0"]
[WhiteElo "1571"]
[BlackElo "1613"]
[Opening "Giuoco Pianissimo: Italian four knights variation"]
[ECO "C50"]
[Time "16:15:30"]
[TimeControl "2700+45"]

1. e4 e5 2. Nf3 Nc6 3. Bc4 Bc5 4. Nc3 Nf6 5. d3 a6 6. Be3 Bxe3 7. fxe3 Na5 8.
Bb3 Nxb3 9. axb3 d6 10. h3 O-O 11. Qe2 Bd7 12. Rf1 Bc6 13. g4 Bd7 14. Qg2 c6 15.
Nh4 Nxg4 16. Qg3 Nxe3 17. Rf2 d5 18. Nf5 Nxf5 19. exf5 Qf6 20. Qf3 e4 21. dxe4
dxe4 22. Nxe4 Qxb2 23. Rd1 Rad8 24. Rfd2 Rfe8 25. Rxd7 Rb8 26. Qd3 Qf6 27. Rd4
h6 28. Kd2 Qxf5 29. Rf1 Qe5 30. Nd6 Red8 31. c3 Qh2+ 32. Kd1 c5 33. Rd5 Rd7 34.
Nxf7 Rxf7 35. Rd8+ Rxd8 36. Qxd8+ Kh7 37. Rxf7 Qg1+ 38. Ke2 Qg2+ 39. Kd1 Qg1+
40. Kc2 Qg6+ 41. Qd3 Qxd3+ 42. Kxd3 {Black resigns} 1-0

[Event "Team 45 45 League T60"]
[Site "Internet Chess Club"]
[Date "2014.03.23"]
[Round "4"]
[White "stantheman59"]
[Black "calily"]
[Result "0-1"]
[WhiteElo "1275"]
[BlackElo "1730"]
[Opening "Queen's pawn: stonewall attack"]
[ECO "A45"]
[Time "14:04:19"]
[TimeControl "2700+45"]

1. d4 Nf6 2. e3 d5 3. Bd3 e6 4. f4 c5 5. Nf3 Nc6 6. c3 Be7 7. O-O O-O 8. Nbd2 c4
9. Bc2 b5 10. Ng5 a5 11. Rf3 h6 12. Rh3 b4 13. e4 dxe4 14. Ndxe4 Nxe4 15. Bxe4
Bb7 16. Bh7+ Kh8 17. Be4 Rb8 18. Rxh6+ gxh6 19. Qh5 Kg7 20. Be3 Bf6 21. Nxf7
Rxf7 22. f5 exf5 23. Bxf5 Bg5 24. Bxg5 Qxg5 25. Qxg5+ hxg5 26. Be6 Rf6 27. Bxc4
Rbf8 28. Rd1 Rf2 29. Rb1 Ne5 30. d5 Nxc4 31. d6 Rxg2+ 32. Kh1 Rg4# {White
checkmated} 0-1

[Event "Team 45 45 League T60"]
[Site "Internet Chess Club"]
[Date "2014.03.20"]
[Round "4"]
[White "IndianPawn"]
[Black "Tobiasdelmonte"]
[Result "0-1"]
[WhiteElo "1889"]
[BlackElo "1827"]
[Opening "Alekhine's defense: modern, Larsen variation"]
[ECO "B04"]
[Time "23:04:04"]
[TimeControl "2700+45"]

1. e4 Nf6 2. e5 Nd5 3. d4 d6 4. Nf3 dxe5 5. Nxe5 c6 6. Bc4 Nd7 7. O-O Nxe5 8.
dxe5 Bf5 9. Bg5 Qd7 10. Qe2 e6 11. Bb3 Bc5 12. Nd2 O-O 13. Ne4 Bxe4 14. Qxe4 h6
15. Bh4 Qc7 16. Rad1 Ne7 17. c3 Ng6 18. Bg3 Rfe8 19. h4 Rad8 20. h5 Nf8 21. Bh4
Be7 22. Bg3 Rxd1 23. Rxd1 Rd8 24. Rd4 Bc5 25. Rd3 Rxd3 26. Qxd3 Qd7 27. Bc2 Qe7
28. Bf4 Qh4 29. Qf3 Qd8 30. b4 Be7 31. a4 Bg5 32. Qe3 Bxf4 33. Qxf4 Qd5 34. c4
Qd8 35. Qe3 a6 36. g3 Qe7 37. c5 Qd7 38. Qd3 Qxd3 39. Bxd3 Nd7 40. f4 Kf8 41.
Kf2 f6 42. exf6 Nxf6 43. Be2 Nd5 44. b5 a5 45. b6 Nc3 46. Bf3 Nxa4 47. Bxc6 Nxc5
48. Bb5 Ne4+ 49. Ke3 Nd6 50. Ba4 Nc4+ 51. Kd4 Nxb6 52. Bb3 Ke7 53. Kc5 Nd7+ 54.
Kb5 b6 55. Kc6 Nf6 56. g4 Nxg4 57. Kxb6 Nf6 58. Kxa5 Nxh5 {White resigns} 0-1

[Event "Team 45 45 League T60"]
[Site "Internet Chess Club"]
[Date "2014.03.23"]
[Round "4"]
[White "FourKnights"]
[Black "pishd"]
[Result "1/2-1/2"]
[WhiteElo "1762"]
[BlackElo "1756"]
[Opening "QGD: Neo-orthodox variation, 7.Bh4"]
[ECO "D56"]
[Time "13:15:44"]
[TimeControl "2700+45"]

1. d4 Nf6 2. c4 e6 3. Nf3 d5 4. Bg5 Be7 5. e3 O-O 6. Nc3 h6 7. Bh4 Nbd7 8. cxd5
exd5 9. Bd3 c6 10. O-O Re8 11. Qc2 Ne4 12. Bxe7 Qxe7 13. Rfe1 Ndf6 14. Ne5 Nd6
15. h3 Be6 16. Rac1 Rac8 17. b4 a6 18. a3 {Game drawn by mutual agreement}
1/2-1/2

[Event "Team 45 45 League T60"]
[Site "Internet Chess Club"]
[Date "2014.03.25"]
[Round "4"]
[White "SugarIslander"]
[Black "amicusUK"]
[Result "0-1"]
[WhiteElo "1653"]
[BlackElo "1663"]
[Opening "QGD: Janowski variation"]
[ECO "D31"]
[Time "14:00:10"]
[TimeControl "2700+45"]

1. d4 e6 2. c4 d5 3. Nc3 a6 4. Nf3 dxc4 5. e4 b5 6. a3 Bb7 7. Be2 Nf6 8. Bg5 Be7
9. Qd2 h6 10. Bxf6 Bxf6 11. O-O-O Nc6 12. e5 Be7 13. Ne4 Nxe5 14. dxe5 Bxe4 15.
Qe3 Bd5 16. h4 c6 17. Nd4 Bc5 18. Qg3 O-O 19. Nxc6 Qc7 20. Nd4 Bxd4 21. Rxd4 f6
22. f4 f5 23. Bf3 Bxf3 24. gxf3 Rad8 25. Rxd8 Rxd8 26. Rg1 Rd3 27. Qg6 Qd7 28.
Qxh6 Rd1+ 29. Rxd1 Qxd1+ 30. Kxd1 gxh6 31. Kc2 Kf8 32. Kc3 Ke8 33. Kb4 Kd7 34.
Ka5 Kc6 35. Kxa6 Kc5 36. Ka5 h5 37. a4 b4 38. Ka6 c3 39. bxc3 bxc3 40. Kb7 c2
41. a5 c1=Q 42. a6 Qb2+ 43. Ka8 Qa3 44. Kb7 Qb4+ 45. Ka8 Qa5 46. a7 Kb6 {White
resigns} 0-1

[Event "Team 45 45 League T60"]
[Site "Internet Chess Club"]
[Date "2014.03.21"]
[Round "4"]
[White "fireball"]
[Black "oldsj"]
[Result "1-0"]
[WhiteElo "1756"]
[BlackElo "1565"]
[Opening "Sicilian: Smith-Morra gambit"]
[ECO "B21"]
[Time "08:04:07"]
[TimeControl "2700+45"]

1. e4 c5 2. d4 cxd4 3. c3 dxc3 4. Nxc3 e6 5. Nf3 Nc6 6. Bc4 d6 7. O-O Nf6 8. Qe2
Be7 9. Rd1 Qc7 10. Nb5 Qb8 11. Bf4 e5 12. Bxf7+ Kf8 13. Bg5 Bg4 14. Bb3 a6 15.
Bxf6 gxf6 16. Qc4 Bh5 17. Nc3 Qe8 18. Rd3 Rc8 19. Qe6 Bf7 20. Qh3 Bxb3 21. Qh6+
Kf7 22. axb3 Nb4 23. Rd2 Qd7 24. Nh4 Rcg8 25. Nf5 Rg6 26. Qh5 Kf8 27. Rad1 Qe8
28. Qf3 Rhg8 29. g3 Rg4 30. Nxd6 Qg6 31. Nf5 Rf4 32. Qe3 Rxf5 33. exf5 Qxf5 34.
Qe4 Qxe4 35. Nxe4 f5 36. Nc3 f4 37. Nd5 Bc5 38. Nf6 fxg3 39. Nd7+ Ke7 40. Nxc5
gxf2+ 41. Kxf2 Rf8+ 42. Ke3 {Black resigns} 1-0

[Event "Team 45 45 League T60"]
[Site "Internet Chess Club"]
[Date "2014.03.21"]
[Round "4"]
[White "TheRailgun"]
[Black "TerryMalloy"]
[Result "0-1"]
[WhiteElo "1872"]
[BlackElo "1918"]
[Opening "Sicilian: Najdorf, Opocensky variation"]
[ECO "B92"]
[Time "19:00:45"]
[TimeControl "2700+45"]

1. e4 c5 2. Nf3 d6 3. d4 cxd4 4. Nxd4 Nf6 5. Nc3 a6 6. Be2 e5 7. Nb3 Be7 8. Be3
Be6 9. O-O O-O 10. f4 exf4 11. Rxf4 Nbd7 12. Nd5 Bxd5 13. exd5 Ne5 14. Rb4 Qc7
15. Bb6 Qc8 16. a4 Nfd7 17. Be3 Qc7 18. c4 Rac8 19. Rc1 Rfe8 20. Qd2 Bf6 21. c5
Nxc5 22. Bxc5 dxc5 23. d6 Qd8 24. Nxc5 Qa5 25. Nb3 Rxc1+ 26. Nxc1 Bg5 27. d7
Nxd7 28. Re4 Qc5+ {White resigns} 0-1

[Event "Team 45 45 League T60"]
[Site "Internet Chess Club"]
[Date "2014.03.23"]
[Round "4"]
[White "TheFriedFox1"]
[Black "calmon59"]
[Result "0-1"]
[WhiteElo "1597"]
[BlackElo "1881"]
[Opening "QGD: semi-Slav, Abrahams variation"]
[ECO "D31"]
[Time "12:00:42"]
[TimeControl "2700+45"]

1. d4 d5 2. c4 e6 3. Nc3 c6 4. Nf3 dxc4 5. a4 Bb4 6. e3 b5 7. Bd2 a5 8. axb5
Bxc3 9. Bxc3 cxb5 10. b3 Bb7 11. bxc4 b4 12. Bb2 Nf6 13. Bd3 Nbd7 14. O-O O-O
15. Qc2 Qc7 16. e4 g6 17. e5 Nh5 18. Bc1 Rfc8 19. Nh4 Ba6 20. Bh6 Nb6 21. c5
Bxd3 22. Qxd3 Nd5 23. f4 Ng7 24. g4 Qe7 25. Bg5 Qd7 26. f5 Nc3 27. f6 Ne8 28.
Ng2 Rxc5 29. Rf3 Rd5 30. Be3 Rxe5 {White resigns} 0-1

[Event "Team 45 45 League T60"]
[Site "Internet Chess Club"]
[Date "2014.03.21"]
[Round "4"]
[White "patito09"]
[Black "az2112"]
[Result "1-0"]
[WhiteElo "1824"]
[BlackElo "1678"]
[Opening "Queen's pawn game, Darooha variation "]
[ECO "D02"]
[Time "21:03:37"]
[TimeControl "2700+45"]

1. d4 Nf6 2. Nf3 d5 3. g3 Bf5 4. Bg2 e6 5. O-O Bd6 6. Nbd2 O-O 7. c4 c6 8. b3 h6
9. Bb2 Nbd7 10. Ne1 Rc8 11. f3 e5 12. Kh1 Re8 13. Rc1 Bg6 14. cxd5 Nxd5 15. Nc4
Bb8 16. e4 N5b6 17. dxe5 Nxc4 18. Rxc4 Nxe5 19. Rd4 Qb6 20. f4 c5 21. Rd5 Nc6
22. f5 Bh7 23. Nd3 Nb4 24. Qg4 g6 25. Nxb4 cxb4 26. Bd4 Qa6 27. Qh4 g5 28. Qh5
Rcd8 29. f6 Bd6 30. Qxh6 Bf8 31. Qxg5+ Bg6 32. h4 Kh8 33. Bc5 Rxd5 34. exd5 Bg7
35. fxg7+ Kxg7 36. Bd4+ Kh7 37. h5 Bxh5 38. Qg7# {Black checkmated} 1-0

[Event "Team 45 45 League T60"]
[Site "Internet Chess Club"]
[Date "2014.03.22"]
[Round "4"]
[White "drsigmund1"]
[Black "PaulaR"]
[Result "0-1"]
[WhiteElo "1537"]
[BlackElo "1756"]
[Opening "Queen's pawn"]
[ECO "A40"]
[Time "13:30:14"]
[TimeControl "2700+45"]

1. d4 e6 2. Nf3 d5 3. Bf4 Bd6 4. Bg5 Ne7 5. Nbd2 Nbc6 6. c3 f6 7. Bh4 O-O 8. e4
dxe4 9. Nxe4 Nf5 10. Nxd6 cxd6 11. Bg3 Nxg3 12. hxg3 e5 13. Bd3 e4 14. Bxe4 Re8
15. Qb3+ d5 16. O-O-O Rxe4 17. Rh5 Be6 18. Qxb7 Qc8 19. Qb3 Rb8 20. Qc2 Qa6 21.
Nd2 Nxd4 22. Qb1 Ne2+ 23. Kc2 Nxc3 24. Nxe4 Nxb1 {White resigns} 0-1

[Event "Team 45 45 League T60"]
[Site "Internet Chess Club"]
[Date "2014.03.22"]
[Round "4"]
[White "santiagoelawad"]
[Black "SlimeDog2"]
[Result "0-1"]
[WhiteElo "1933"]
[BlackElo "2008"]
[Opening "English: symmetrical variation"]
[ECO "A38"]
[Time "19:09:01"]
[TimeControl "2700+45"]

1. c4 Nf6 2. g3 c5 3. Bg2 Nc6 4. Nc3 g6 5. Nf3 Bg7 6. O-O d5 7. d4 dxc4 8. dxc5
Qa5 9. Qa4 Qxa4 10. Nxa4 Bd7 11. Bf4 Nd5 12. Bd2 Ncb4 13. Nc3 Rc8 14. Nxd5 Nxd5
15. Ne5 Bxe5 16. Bxd5 Bxb2 17. Rab1 c3 18. Be3 Bc6 19. Bxc6+ Rxc6 20. Bc1 Rxc5
21. Bxb2 cxb2 22. Rxb2 Rc7 23. Rfb1 b6 24. a4 Kd7 25. a5 bxa5 26. Ra1 Kc8 27.
Rxa5 Rb7 28. Rba2 Kb8 29. Kg2 Rd8 30. h4 h5 31. Kf3 Rd4 32. e3 Rdb4 33. Rd5 R4b5
34. Rd4 a5 35. Rda4 Rf5+ 36. Ke2 Rbb5 37. Kd3 Kb7 38. Kc3 Kb6 39. Re4 e6 40. Rd4
Rfd5 41. Rf4 Rbc5+ 42. Kb3 Rd3+ 43. Ka4 f5 44. Rb2+ Ka6 45. Rd4 Rxd4+ 46. exd4
Rc4+ 47. Ka3 Rxd4 48. Re2 Re4 49. Rd2 Kb5 50. Rc2 Rd4 51. Re2 Rd3+ 52. Kb2 Rd6
53. Ka3 Kc4 54. Ka4 Kd3 55. Re5 Rd4+ 56. Ka3 Re4 57. Rxa5 Ke2 {White resigns}
0-1

[Event "Team 45 45 League T60"]
[Site "Internet Chess Club"]
[Date "2014.03.24"]
[Round "4"]
[White "sharky123"]
[Black "Slypawn"]
[Result "1/2-1/2"]
[WhiteElo "1791"]
[BlackElo "1801"]
[Opening "Sicilian: Kan, 5.Nc3"]
[ECO "B43"]
[Time "15:05:19"]
[TimeControl "2700+45"]

1. e4 c5 2. Nf3 e6 3. d4 cxd4 4. Nxd4 a6 5. Nc3 Qc7 6. Be3 Nf6 7. Bd3 b5 8. O-O
Bb7 9. f3 Bc5 10. Qd2 d6 11. a3 Nbd7 12. Nb3 O-O 13. Nxc5 Nxc5 14. Kh1 Rac8 15.
Rac1 e5 16. b4 Ne6 17. Ne2 d5 18. exd5 Bxd5 19. Bf5 Rfd8 20. Qe1 Bc4 21. Qf2 Qc6
22. Rfe1 Nd5 23. Bxe6 Qxe6 24. Bc5 Rc7 25. f4 Bxe2 26. Qxe2 Nxf4 27. Qxe5 Qxe5
28. Rxe5 Rcd7 29. h3 Ne6 30. Be3 Rc8 31. Re4 Rc3 32. Bc5 Rd2 33. Rf1 h5 34. Re3
Rcxc2 35. Rg1 Nf4 36. Re8+ Kh7 37. Be3 Re2 38. Re5 Nxg2 39. Rxh5+ Kg8 40. Bd4
Kf8 41. Bxg7+ Ke7 42. Re5+ Rxe5 43. Bxe5 Nh4 44. Bg3 Nf5 45. Re1+ Kf6 46. Be5+
Ke6 47. Bg7+ Kd6 48. Bf8+ Kd5 49. Rd1+ Ke4 50. Re1+ Kf3 51. Rf1+ Kg3 52. Bc5
Rh2+ 53. Kg1 Rg2+ 54. Kh1 Rh2+ 55. Kg1 Rg2+ 56. Kh1 Rh2+ 57. Kg1 Rg2+ 58. Kh1
{Game drawn by repetition} 1/2-1/2

[Event "Team 45 45 League T60"]
[Site "Internet Chess Club"]
[Date "2014.03.22"]
[Round "4"]
[White "cityprosecutor"]
[Black "jt2000"]
[Result "0-1"]
[WhiteElo "1765"]
[BlackElo "1980"]
[Opening "Sicilian defense"]
[ECO "B20"]
[Time "22:08:55"]
[TimeControl "2700+45"]

1. e4 c5 2. d3 d6 3. g3 Nc6 4. Bg2 Nf6 5. f4 g6 6. Nf3 Bg4 7. c3 Bg7 8. h3 Bxf3
9. Qxf3 Nd7 10. O-O O-O 11. Be3 Rc8 12. Nd2 b5 13. a3 a5 14. Qe2 b4 15. axb4
axb4 16. Rfc1 Qb6 17. Nf3 Ra8 18. Qd2 Rfb8 19. d4 bxc3 20. bxc3 Rxa1 21. Rxa1
cxd4 22. cxd4 Qb3 23. e5 Nb6 24. Qd1 Qxe3+ {White resigns} 0-1

[Event "Team 45 45 League T60"]
[Site "Internet Chess Club"]
[Date "2014.03.22"]
[Round "4"]
[White "Warpdrive"]
[Black "acejackace"]
[Result "1-0"]
[WhiteElo "1740"]
[BlackElo "1478"]
[Opening "French: Burn variation"]
[ECO "C11"]
[Time "22:36:17"]
[TimeControl "2700+45"]

1. e4 e6 2. d4 d5 3. Nc3 Nf6 4. Bg5 dxe4 5. Nxe4 Be7 6. Bxf6 Bxf6 7. Nf3 Be7 8.
Bd3 b6 9. O-O Bb7 10. Re1 O-O 11. c3 Nd7 12. Qe2 Nf6 13. Rad1 Nd5 14. g3 f6 15.
a3 Bc8 16. c4 c6 17. cxd5 exd5 18. Nc3 Bd6 19. Nh4 g6 20. Qf3 f5 21. Nxd5 cxd5
22. Qxd5+ Kh8 {Black resigns} 1-0

[Event "Team 45 45 League T60"]
[Site "Internet Chess Club"]
[Date "2014.03.23"]
[Round "4"]
[White "Goli"]
[Black "lemorgado"]
[Result "0-1"]
[WhiteElo "1749"]
[BlackElo "1976"]
[Opening "Caro-Kann: exchange variation"]
[ECO "B13"]
[Time "18:00:26"]
[TimeControl "2700+45"]

1. e4 c6 2. d4 d5 3. exd5 Qxd5 4. Nf3 Bg4 5. Be2 Nf6 6. O-O e6 7. c4 Qd8 8. h3
Bh5 9. Nc3 Be7 10. Be3 O-O 11. Ne5 Bxe2 12. Qxe2 Nbd7 13. Ng4 Qc7 14. Rac1 Nxg4
15. Qxg4 Nf6 16. Qf3 Qa5 17. a3 Rfd8 18. Rfd1 Rd7 19. g4 Rad8 20. g5 Ne8 21. h4
Nd6 22. Ne4 Nf5 23. h5 Nxd4 24. Qg4 Qf5 25. Qxf5 exf5 26. Rxd4 Rxd4 27. Bxd4
Rxd4 28. Ng3 Bxg5 29. Re1 g6 30. hxg6 fxg6 31. b3 Kf7 32. Kf1 Rd2 33. Rb1 Bf6
34. Ne2 Ra2 35. a4 Ra1 36. Rxa1 Bxa1 37. Nf4 g5 38. Nd3 Bd4 39. b4 h5 40. b5
cxb5 41. axb5 Ke6 42. Ke2 h4 43. Kf3 a5 44. bxa6 bxa6 45. c5 a5 {White resigns}
0-1

[Event "Team 45 45 League T60"]
[Site "Internet Chess Club"]
[Date "2014.03.23"]
[Round "4"]
[White "Agarnez"]
[Black "room-matt"]
[Result "0-1"]
[WhiteElo "1920"]
[BlackElo "1851"]
[Opening "Budapest defense"]
[ECO "A52"]
[Time "10:23:39"]
[TimeControl "2700+45"]

1. d4 Nf6 2. c4 e5 3. dxe5 Ng4 4. e3 Nxe5 5. Nh3 g6 6. Nc3 d6 7. Nf4 Bg7 8. Be2
O-O 9. O-O a5 10. e4 Na6 11. Be3 Re8 12. Qd2 b6 13. Rac1 Bb7 14. f3 Qd7 15. Nfd5
Nc5 16. Bg5 f5 17. exf5 gxf5 18. Nf6+ Bxf6 19. Bxf6 Qf7 20. Qg5+ Ng6 21. Bd4 Ne6
22. Qd2 Nxd4 23. Qxd4 Ne5 24. Rfe1 Re6 25. Nd5 Rg6 26. Nf4 Rg5 27. Qc3 Qg7 28.
h4 Rg3 29. Kh1 Qh6 30. Qe3 Qxh4+ 31. Kg1 Bxf3 32. Rf1 Bxg2 33. Nxg2 Rxe3 34.
Nxh4 Rxe2 35. Nxf5 Rxb2 36. Ne7+ Kh8 37. Rc3 Re8 38. Nd5 Rg8+ 39. Kh1 Rxa2 40.
Nf6 Rg5 41. Rh3 h5 42. Nxh5 Ng4 43. Nf4+ Kg8 44. Ne6 Rf2 45. Rg1 Rg6 46. Nxc7
Rc2 47. Nd5 Nf2+ {White resigns} 0-1